 Dungeon Crawl Stone Soup version 0.29-a0-1009-g60c99734e7 (webtiles) character file.

Game seed: 1268427675945523669

648 2tc the Chiller (level 7, -4/50 HPs)
             Began as a Demigod Ice Elementalist on Aug 8, 2022.
             Slain by an ogre
             ... wielding a +0 giant club
              (19 damage)
             ... on level 5 of the Dungeon.
             The game lasted 00:16:15 (6138 turns).

2tc the Chiller (Demigod Ice Elementalist)          Turns: 6138, Time: 00:16:17

Health: -4/50      AC: 10    Str: 13    XL:     7   Next: 6%
Magic:  1/13       EV: 12    Int: 21    God:
Gold:   232        SH:  5    Dex: 14    Spells: 4/11 levels left

rFire   . . .      SeeInvis .   f - +0 dagger (flame)
rCold   . . .      Faith    .   (no shield)
rNeg    . . .      Spirit   .   a - +0 robe
rPois   +          Reflect  +   (no helmet)
rElec   .          Harm     .   k - +0 cloak
rCorr   .          Rampage  .   (no gloves)
Will    .....                   (no boots)
Stlth   ++........              i - amulet of reflection
HPRegen 0.16/turn               q - ring of poison resistance
MPRegen 0.13/turn               (no ring)

@: mighty, ice-armoured, freezing walls
A: high MP 1, forlorn, divine attributes
a: no special abilities


You were on level 5 of the Dungeon.
You visited 1 branch of the dungeon, and saw 5 of its levels.

You collected 232 gold pieces.

Inventory:

Hand Weapons
 d - a +0 whip
 f - a +0 dagger of flaming (weapon)
 h - a +0 spear
 o - a +0 quarterstaff
Armour
 a - a +0 robe (worn)
 g - a +0 leather armour
 k - a +0 cloak (worn)
Jewellery
 i - an amulet of reflection (around neck)
 q - a ring of poison resistance (left hand)
 r - an amulet of the acrobat
Wands
 p - a wand of charming (8)
Scrolls
 j - a scroll of teleportation
 n - 5 scrolls of identify
Potions
 b - 2 potions of magic
 c - a potion of haste
 e - 2 potions of curing
 m - 2 potions of flight


   Skills:
 - Level 1.7 Dodging
 - Level 1.7 Stealth
 - Level 2.5 Spellcasting
 * Level 7.9 Ice Magic


You had 4 spell levels left.
You knew the following spells:

 Your Spells              Type           Power      Damage    Failure   Level
a - Freeze                Ice            100%       1d11      1%          1
b - Ozocubu's Armour      Ice            36%        N/A       1%          3
c - Frozen Ramparts       Ice            72%        1d11      1%          3

Your spell library contained the following spells:

 Spells                   Type           Power      Damage    Failure   Level
 Ensorcelled Hibernation  Hex/Ice        38%        N/A       4%          2
 Passwall                 Tmut/Erth      1%         N/A       22%         2
 Hailstorm                Conj/Ice       19%        3d6       26%         4
 Swiftness                Air            2%         N/A       38%         3
 Anguish                  Hex/Necr       1%         N/A       80%         4
 Freezing Cloud           Conj/Ice/Air   6%         6-21      78%         5
 Simulacrum               Ice/Necr       9%         N/A       99%         6
 Enfeeble                 Hex            1%         N/A       100%        7
 Polar Vortex             Ice            18%        N/A       100%        9


Dungeon Overview and Level Annotations

Branches:
Dungeon (5/15)
 Temple: D:4-7

Annotations:
D:3 exclusion: 2 gnolls
D:5 1 transporter


Innate Abilities, Weirdness & Mutations

You have an increased reservoir of magic. (+10% MP)
You shall have no god before yourself.
Your divine heritage dramatically boosts your attributes as you level up.


Message History

You kill the scorpion!
The orc priest invokes the aid of Beogh against you.
Beogh smites you!
* * * LOW HITPOINT WARNING * * *
You have reached level 7!
Casting: Frozen Ramparts (safe; 1% risk of failure)
Confirm with . or Enter, or press ? or * to list all spells.
Aiming: Freeze (safe; 1% risk of failure)
Press: ? - help, Shift-Dir - straight line, f - orc priest
Aim: an orc priest, wielding a +0 club and wearing a +0 ring mail Your target is gone.
You freeze the orc priest!
The orc priest is severely wounded.
The orc priest misses you.
You hit the orc priest but do no damage.
The orc priest is severely wounded.
The orc priest barely misses you.
You are too injured to fight recklessly!
Casting: Freeze (safe; 1% risk of failure)
Confirm with . or Enter, or press ? or * to list all spells.
Aiming: Freeze (safe; 1% risk of failure)
Press: ? - help, Shift-Dir - straight line, f/p - orc priest
Aim: an orc priest, wielding a +0 club and wearing a +0 ring mail (severely wounded)
You freeze the orc priest!
You kill the orc priest!
Okay, then.
The wall freezes the ogre!
Okay, then.
You feel better.
The wall freezes the ogre.
You are too injured to fight recklessly!
Casting: Freeze (safe; 1% risk of failure)
Confirm with . or Enter, or press ? or * to list all spells.
Aiming: Freeze (safe; 1% risk of failure)
Press: ? - help, Shift-Dir - straight line, f - ogre
Aim: an ogre, wielding a +0 giant club (moderately wounded)
You freeze the ogre!
The ogre is severely wounded.
The wall freezes the ogre.
The ogre hits you with a +0 giant club!!
You die...

#....#........##...#<.......
#....#.......#........####
#....##......#........# ©#
.#.....................# . ..
.........................# ...
....#.###...............##
#.###)..## ##)........#...##
##.......#####..O)...<#.....#$
............####@).#..###...##
............#..#.>#...####...# .
♣..............####.##.#...## .
♣.....†....#...####.......##.#.
♣♣.....#...##.............#....
♣.....#..####....#.......##...
♣♣♣♣♣.....# ##.##.........####
~~♣PPP♣.##.>#####.###..........©#
~~~~~~...##...##...##............


You could see an ogre.

Vanquished Creatures
  Menkaure (D:5)
  An ice beast (D:5)
  A phantom (D:4)
  A scorpion (D:5)
  An orc priest (D:5)
  A jelly (D:4)
  2 iguanas (D:5)
  6 adders
  A white imp (D:3)
  An ufetubus (D:5)
  5 worms
  A dart slug (D:2)
  7 orcs
  5 ball pythons
  9 bats
  9 endoplasms
  3 giant cockroaches
  11 hobgoblins
  7 jackals
  5 kobolds
  6 quokkas
  2 frilled lizards
  10 goblins
  4 rats
100 creatures vanquished.

Notes
Turn   | Place    | Note
-------+----------+-------------------------------------------
     0 | D:1      | 2tc the Demigod Ice Elementalist began the quest for the
                  | Orb.
     0 | D:1      | Reached XP level 1. HP: 14/14 MP: 5/5
   129 | D:1      | Reached skill level 4 in Ice Magic
   135 | D:1      | Reached XP level 2. HP: 20/20 MP: 2/7
   993 | D:1      | Reached XP level 3. HP: 26/26 MP: 5/8
   997 | D:1      | Learned a level 3 spell: Ozocubu's Armour
  1953 | D:2      | Reached skill level 5 in Ice Magic
  2449 | D:2      | Reached XP level 4. HP: 26/33 MP: 5/9
  3071 | D:3      | HP: 1/33 [white imp/puff of frost (14)]
  4792 | D:4      | Noticed a phantom
  4817 | D:4      | Killed a phantom
  4818 | D:4      | Reached skill level 6 in Ice Magic
  4818 | D:4      | Reached XP level 5. HP: 30/38 MP: 4/11
  4822 | D:4      | Learned a level 3 spell: Frozen Ramparts
  5453 | D:5      | Entered Level 5 of the Dungeon
  5454 | D:5      | Noticed Menkaure
  5482 | D:5      | Killed Menkaure
  5483 | D:5      | Reached XP level 6. HP: 27/45 MP: 6/12
  5751 | D:5      | Noticed a small abomination
  5755 | D:5      | Found a transporter.
  5914 | D:5      | Reached skill level 7 in Ice Magic
  6133 | D:5      | Reached XP level 7. HP: 8/50 MP: 4/13
  6138 | D:5      | Slain by an ogre

Illustrated notes

Levels and vault maps discovered:
D:1:      dpeg_arrival_round_b, layout_basic, minmay_tetromino_l4
D:2:      layout_basic, shapermc_ecumenical_altar_starsandcircs
D:3:      layout_basic
D:4:      layout_loops_corners
D:5:      layout_cave_pools, gammafunk_ghost_abyssal_escape,
          serial_bayou_crossing, uniq_crazy_yiuf_cottage, uniq_menkaure

Skill      XL: |  1  2  3  4  5  6 |
---------------+-------------------+-----
Ice Magic      | 4 5 6 7 |  7.9
Spellcasting   | 2 |  2.5
Dodging        | |  1.7
Stealth        | |  1.7

Action                   |  1- 3 |  4- 6 |  7- 9 || total
-------------------------+-------+-------+-------++-------
Melee: Dagger            |    24 |   122 |     1 ||   147
       Punch             |     2 |     2 |       ||     4
 Cast: Freeze            |    80 |    67 |     3 ||   150
       Ozocubu's Armour  |       |     7 |       ||     7
       Frozen Ramparts   |       |     1 |       ||     1
  Use: Scroll            |     6 |     4 |       ||    10
       Potion            |       |     5 |     1 ||     6
 Stab: Sleeping          |     1 |     7 |       ||     8
Armor: Robe              |    15 |    41 |       ||    56
       Skin              |       |    13 |       ||    13
Dodge: Dodged            |    49 |   108 |     2 ||   159
Block: Other             |       |     6 |       ||     6

Table legend: (Time is in decaauts)
 A = Elapsed time spent in this place.
 B = Non-inter-level travel time spent in this place.
 C = Inter-level travel time spent in this place.
 D = Time resting spent in this place.
 E = Time spent auto-exploring this place.
 F = Levels seen in this place.
 G = Mean time per level.
                   A        B        C        D        E       F      G
               +--------+--------+--------+--------+--------+-----+--------+
         Total |   6133 |   5987 |    146 |    642 |   4519 |   5 | 1226.6 |
       Dungeon |   6133 |   5987 |    146 |    642 |   4519 |   5 | 1226.6 |
               +--------+--------+--------+--------+--------+-----+--------+

Top non-repeatable levels by time:
     D:3: 1630 daAuts
     D:2: 1409 daAuts
     D:1: 1278 daAuts
     D:4: 1130 daAuts
     D:5: 684 daAuts
